DSL
DSL SAN FRANCISCO GIANTS @ DSL JACKSONVILLE BOMBERS
08/02/2041
 
TOP OF THE 1ST
DSL San Francisco Giants batting - Pitching for DSL Jacksonville Bombers : RHP José Barrera
Pitching: RHP José Barrera
Batting: SHB Teófilo Camizo 0-0: Called Strike
0-1: Swinging Strike
0-2: Ball
1-2: Ball
2-2: Foul Ball, location: 5SF
2-2: Ball
3-2: Base on Balls
Batting: RHB Dani López 0-0: Called Strike
Teófilo Camizo steals 2nd base
0-1: Ball
1-1: Ball
2-1: Foul Ball, location: 2F
2-2: Foul Ball, location: 9LDF
2-2: Ball
3-2: Ground out 5-3 (Groundball, 56, EV 81.3 MPH)
Batting: RHB Norm Barnes 0-0: Ball
1-0: Foul Ball, location: 25F
1-1: Fly out, F9 (Flyball, 9, EV 97.5 MPH)
Batting: SHB António Icaza 0-0: Ball
1-0: Fly out, F4 (Popup, 4, EV 64.4 MPH)
Top of the 1st over - 0 runs, 0 hits, 0 errors, 1 left on base; DSL San Francisco 0 - DSL Jacksonville 0
BOTTOM OF THE 1ST
DSL Jacksonville Bombers batting - Pitching for DSL San Francisco Giants : RHP José Valéncia
Pitching: RHP José Valéncia
Batting: LHB Freddy Abreu 0-0: Called Strike
0-1: Ground out 4-3 (Groundball, 4, EV 97.5 MPH)
Batting: RHB José Valentín 0-0: Fly out, F5 (Line Drive, 5L, EV 75.6 MPH)
Batting: LHB Manny Huertas 0-0: Swinging Strike
0-1: Swinging Strike
0-2: Ball
1-2: Ball
2-2: Strikes out swinging
Bottom of the 1st over - 0 runs, 0 hits, 0 errors, 0 left on base; DSL San Francisco 0 - DSL Jacksonville 0
TOP OF THE 2ND
DSL San Francisco Giants batting - Pitching for DSL Jacksonville Bombers : RHP José Barrera
Batting: RHB Benigno Rentería 0-0: Foul Ball, location: 25F
0-1: Called Strike
0-2: Ball
1-2: Strikes out looking
Batting: LHB José Avilés 0-0: Ground out U3 (Groundball, 34S, EV 67.5 MPH)
Batting: RHB Ernesto Duarte 0-0: Ball
1-0: Foul Ball, location: 2F
1-1: Swinging Strike
1-2: Foul Ball, location: 2F
1-2: Strikes out swinging
Top of the 2nd over - 0 runs, 0 hits, 0 errors, 0 left on base; DSL San Francisco 0 - DSL Jacksonville 0
BOTTOM OF THE 2ND
DSL Jacksonville Bombers batting - Pitching for DSL San Francisco Giants : RHP José Valéncia
Batting: SHB Sergio Garrica 0-0: Ball
1-0: Ball
2-0: Ball
3-0: Base on Balls
Batting: RHB Ismael Flores 0-0: Ball
1-0: Ball
2-0: Foul Ball, location: 5SF
2-1: Called Strike
2-2: Strikes out swinging
Batting: SHB Constantin Odilo 0-0: Ball
1-0: DOUBLE (Flyball, 8RXD, EV 96.9 MPH)
Sergio Garrica to third
Batting: RHB José Castillo 0-0: Fly out, F9 (Flyball, 89M, EV 100.0 MPH)
Runner from 3rd tags up, OUT at HOME! 9-2
Bottom of the 2nd over - 0 runs, 1 hit, 0 errors, 1 left on base; DSL San Francisco 0 - DSL Jacksonville 0
TOP OF THE 3RD
DSL San Francisco Giants batting - Pitching for DSL Jacksonville Bombers : RHP José Barrera
Batting: RHB José Sánchez 0-0: Fly out, F8 (Flyball, 78M, EV 79.4 MPH)
Batting: RHB Albert Jiménez 0-0: Ball
1-0: Foul Ball, location: 9LDF
1-1: Swinging Strike
1-2: Strikes out swinging, 2-3 out at first.
Batting: SHB Teófilo Camizo 0-0: Ball
1-0: Ball
2-0: Ball
3-0: Called Strike
3-1: Fly out, F7 (Flyball, 7D, EV 111.9 MPH)
Top of the 3rd over - 0 runs, 0 hits, 0 errors, 0 left on base; DSL San Francisco 0 - DSL Jacksonville 0
BOTTOM OF THE 3RD
DSL Jacksonville Bombers batting - Pitching for DSL San Francisco Giants : RHP José Valéncia
Batting: SHB José Murillo 0-0: Swinging Strike
0-1: Ball
1-1: Swinging Strike
1-2: Ball
2-2: Strikes out swinging
Batting: RHB Jesús Valenzuela 0-0: DOUBLE (Line Drive, 5D, EV 95.0 MPH)
Pinch Runner at 2nd José González:
Batting: LHB Freddy Abreu 0-0: Ball
1-0: Swinging Strike
1-1: Foul Ball, location: 7LMF
1-2: Strikes out swinging
Batting: RHB José Valentín 0-0: Ball
1-0: Foul Ball, location: 2F
1-1: Fly out, F9 (Flyball, 9, EV 81.9 MPH)
Bottom of the 3rd over - 0 runs, 1 hit, 0 errors, 1 left on base; DSL San Francisco 0 - DSL Jacksonville 0
TOP OF THE 4TH
DSL San Francisco Giants batting - Pitching for DSL Jacksonville Bombers : RHP José Barrera
Now at 2B: José González
Batting: RHB Dani López 0-0: Called Strike
0-1: Called Strike
0-2: Ground out 5-3 (Groundball, 56, EV 104.4 MPH)
Batting: RHB Norm Barnes 0-0: Ball
1-0: Ground out 4-3 (Groundball, 4, EV 106.3 MPH)
Batting: SHB António Icaza 0-0: Ball
1-0: Ball
2-0: Ground out 6-3 (Groundball, 56, EV 105.6 MPH)
Top of the 4th over - 0 runs, 0 hits, 0 errors, 0 left on base; DSL San Francisco 0 - DSL Jacksonville 0
BOTTOM OF THE 4TH
DSL Jacksonville Bombers batting - Pitching for DSL San Francisco Giants : RHP José Valéncia
Batting: LHB Manny Huertas 0-0: Ball
1-0: Ball
2-0: Called Strike
2-1: Ball
3-1: Ground out 4-3 (Groundball, 34D, EV 100.0 MPH)
Batting: SHB Sergio Garrica 0-0: Ground out U3 (Groundball, 3L, EV 89.4 MPH)
Batting: RHB Ismael Flores 0-0: DOUBLE (Line Drive, 3D, EV 100.0 MPH) - OUT at third base trying to stretch hit.
Bottom of the 4th over - 0 runs, 1 hit, 0 errors, 0 left on base; DSL San Francisco 0 - DSL Jacksonville 0
TOP OF THE 5TH
DSL San Francisco Giants batting - Pitching for DSL Jacksonville Bombers : RHP José Barrera
Batting: RHB Benigno Rentería 0-0: Fly out, F8 (Line Drive, 8LD, EV 110.0 MPH)
Batting: LHB José Avilés 0-0: Ball
1-0: Ball
2-0: Foul Ball, location: 2F
2-1: Foul Ball, location: 5FF
2-2: Strikes out swinging
Batting: RHB Ernesto Duarte 0-0: Called Strike
0-1: Foul Ball, location: 2F
0-2: Ball
1-2: Foul Ball, location: 2F
1-2: Strikes out swinging
Top of the 5th over - 0 runs, 0 hits, 0 errors, 0 left on base; DSL San Francisco 0 - DSL Jacksonville 0
BOTTOM OF THE 5TH
DSL Jacksonville Bombers batting - Pitching for DSL San Francisco Giants : RHP José Valéncia
Batting: SHB Constantin Odilo 0-0: Ball
1-0: Foul Ball, location: 25FF
1-1: Foul Ball, location: 7LSF
1-2: Ball
2-2: Ball
3-2: Strikes out swinging
Batting: RHB José Castillo 0-0: Ball
1-0: Ball
2-0: SINGLE (Groundball, 34D, EV 109.4 MPH)
Batting: SHB José Murillo 0-0: 2-RUN HOME RUN (Flyball, 7D, EV 105.0 MPH), Distance : 385 ft
Batting: RHB José González 0-0: Foul Ball, location: 5FF
0-1: Foul Ball, location: 23F
0-2: Foul Ball, location: 2F
0-2: Fly out, F9 (Flyball, 9, EV 92.5 MPH)
Batting: LHB Freddy Abreu 0-0: Called Strike
0-1: Ball
1-1: SINGLE (Groundball, 34, EV 110.0 MPH) (infield hit)
Batting: RHB José Valentín 0-0: Ball
1-0: Ball
2-0: Called Strike
2-1: Called Strike
Freddy Abreu steals 2nd base
2-2: Foul Ball, location: 9LSF
2-2: Foul Ball, location: 9LSF
2-2: Ball
3-2: Base on Balls
Batting: LHB Manny Huertas 0-0: Ball
1-0: Ball
2-0: Ball
3-0: Base on Balls
Freddy Abreu to third
José Valentín to second
Pitching: RHP Orlando Castillo
Batting: SHB Sergio Garrica 0-0: Swinging Strike
0-1: Foul Ball, location: 2F
0-2: Ball
1-2: Foul Ball, location: 25FF
1-2: Ball
2-2: Strikes out looking
Bottom of the 5th over - 2 runs, 3 hits, 0 errors, 3 left on base; DSL San Francisco 0 - DSL Jacksonville 2
TOP OF THE 6TH
DSL San Francisco Giants batting - Pitching for DSL Jacksonville Bombers : RHP José Barrera
Batting: RHB José Sánchez 0-0: Foul Ball, location: 9LMF
0-1: Foul Ball, location: 3FF
0-2: Ground out 6-3 (Groundball, P, EV 86.9 MPH)
Batting: RHB Albert Jiménez 0-0: Called Strike
0-1: Ball
1-1: Called Strike
1-2: Strikes out swinging
Batting: SHB Teófilo Camizo 0-0: Called Strike
0-1: Ball
1-1: Foul Ball, location: 7LMF
1-2: SOLO HOME RUN (Flyball, 9D, EV 96.3 MPH), Distance : 368 ft
Batting: RHB Dani López 0-0: Called Strike
0-1: Swinging Strike
0-2: Ball
1-2: Strikes out looking
Top of the 6th over - 1 run, 1 hit, 0 errors, 0 left on base; DSL San Francisco 1 - DSL Jacksonville 2
BOTTOM OF THE 6TH
DSL Jacksonville Bombers batting - Pitching for DSL San Francisco Giants : RHP Orlando Castillo
Batting: RHB Ismael Flores 0-0: Called Strike
0-1: Swinging Strike
0-2: Foul Ball, location: 2F
0-2: Ball
1-2: SINGLE (Line Drive, 8RS, EV 100.6 MPH)
Batting: SHB Constantin Odilo 0-0: Ball
1-0: Swinging Strike
1-1: Bunted foul
1-2: Ball
2-2: Foul Ball, location: 7LDF
2-2: Foul Ball, location: 7LDF
2-2: Foul Ball, location: 2F
2-2: Strikes out swinging
Batting: RHB José Castillo 0-0: Ball
1-0: Called Strike
1-1: Foul Ball, location: 5SF
1-2: Ball
2-2: Strikes out swinging
Batting: SHB José Murillo 0-0: Ball
1-0: SINGLE (Groundball, 6D, EV 105.0 MPH)
Ismael Flores to second
Batting: RHB José González 0-0: Ball
1-0: Called Strike
1-1: Foul Ball, location: 2F
1-2: Ball
2-2: Ball
3-2: Strikes out swinging
Bottom of the 6th over - 0 runs, 2 hits, 0 errors, 2 left on base; DSL San Francisco 1 - DSL Jacksonville 2
TOP OF THE 7TH
DSL San Francisco Giants batting - Pitching for DSL Jacksonville Bombers : RHP José Barrera
Pinch Hitting: LHB Mathias Nodeland 0-0: DOUBLE (Flyball, 8RXD, EV 91.9 MPH)
Batting: LHB José Ruíz 0-0: Ball
1-0: Foul Ball, location: 7LMF
1-1: Swinging Strike
1-2: Ball
2-2: Foul Ball, location: 7LSFF
2-2: Ball
3-2: Foul Ball, location: 3DF
3-2: Foul Ball, location: 2F
3-2: Base on Balls
Pitching: RHP Cipriano Rodríguez
Pinch Hitting: LHB Jorge Soto 0-0: Called Strike
0-1: Swinging Strike
0-2: Strikes out looking
Pinch Hitting: RHB Fu-quan Gonzáles 0-0: Ball
1-0: Foul Ball, location: 3SF
1-1: Ball
2-1: Ball
Wild Pitch!
Mathias Nodeland to third
José Ruíz to second
3-1: Foul Ball, location: 9LDF
3-2: Foul Ball, location: 9LDF
3-2: 3-RUN HOME RUN (Line Drive, 7D, EV 110.0 MPH), Distance : 397 ft
Batting: RHB Ernesto Duarte 0-0: Ball
1-0: Called Strike
1-1: Swinging Strike
1-2: Ball
2-2: Foul Ball, location: 5F
2-2: Foul Ball, location: 2RF
2-2: Fly out, F3 (Line Drive, 34, EV 71.3 MPH)
Batting: RHB José Sánchez 0-0: Ball
1-0: Ball
2-0: Called Strike
2-1: Called Strike
2-2: Ball
3-2: Base on Balls
Batting: RHB Albert Jiménez 0-0: Ball
José Sánchez is caught stealing 2nd base 2-4
Top of the 7th over - 3 runs, 2 hits, 0 errors, 0 left on base; DSL San Francisco 4 - DSL Jacksonville 2
BOTTOM OF THE 7TH
DSL Jacksonville Bombers batting - Pitching for DSL San Francisco Giants : RHP Orlando Castillo
Pitching: LHP Juan Díaz
Now at 1B: Shea Revell
Now at 3B: Jesús Martínez
Now at SS: Steve Wilson
Batting: LHB Freddy Abreu 0-0: Foul Ball, location: 7LMF
0-1: Foul Ball, location: 5FF
0-2: Ball
1-2: Strikes out swinging, 2-3 out at first.
Batting: RHB José Valentín 0-0: Called Strike
0-1: Foul Ball, location: 9LMFF
0-2: Ball
1-2: Foul Ball, location: 2F
1-2: Strikes out swinging
Pinch Hitting: LHB Norberto Ochoa 0-0: Swinging Strike
0-1: Fly out, F8 (Flyball, 8LD, EV 110.0 MPH)
Bottom of the 7th over - 0 runs, 0 hits, 0 errors, 0 left on base; DSL San Francisco 4 - DSL Jacksonville 2
TOP OF THE 8TH
DSL San Francisco Giants batting - Pitching for DSL Jacksonville Bombers : RHP Cipriano Rodríguez
Now at SS: Norberto Ochoa
Batting: RHB Albert Jiménez 0-0: Foul Ball, location: 2F
0-1: Ground out 4-3 (Groundball, 4, EV 97.5 MPH)
Batting: SHB Teófilo Camizo 0-0: Called Strike
0-1: Ball
1-1: Ball
2-1: Ball
3-1: Called Strike
3-2: SOLO HOME RUN (Flyball, 9D, EV 103.8 MPH), Distance : 388 ft
Batting: RHB Dani López 0-0: Ball
1-0: Ball
2-0: Ball
3-0: Base on Balls
Batting: RHB Shea Revell 0-0: Ball
1-0: Called Strike
1-1: Ball
Dani López is caught stealing 2nd base 2-4
2-1: Foul Ball, location: 9LMF
2-2: Ball
3-2: Foul Ball, location: 9LSF
3-2: Fly out, F8 (Flyball, 8LM, EV 93.1 MPH)
Top of the 8th over - 1 run, 1 hit, 0 errors, 0 left on base; DSL San Francisco 5 - DSL Jacksonville 2
BOTTOM OF THE 8TH
DSL Jacksonville Bombers batting - Pitching for DSL San Francisco Giants : LHP Juan Díaz
Batting: SHB Sergio Garrica 0-0: Called Strike
0-1: Called Strike
0-2: Ball
1-2: Ball
2-2: Foul Ball, location: 2F
2-2: Strikes out swinging
Batting: RHB Ismael Flores 0-0: Ball
1-0: Called Strike
1-1: Swinging Strike
1-2: Foul Ball, location: 5F
1-2: Foul Ball, location: 2F
1-2: DOUBLE (Line Drive, 89D, EV 111.3 MPH)
Batting: SHB Constantin Odilo 0-0: Swinging Strike
0-1: Ball
1-1: SINGLE (Groundball, 56D, EV 106.3 MPH)
Ismael Flores to third
Runner from 3rd tries for Home, SAFE, throw by LF to home
Batting: RHB José Castillo 0-0: Swinging Strike
0-1: Called Strike
0-2: Strikes out swinging
Batting: SHB José Murillo 0-0: Ball
1-0: Called Strike
1-1: Called Strike
1-2: Strikes out looking
Bottom of the 8th over - 1 run, 2 hits, 0 errors, 1 left on base; DSL San Francisco 5 - DSL Jacksonville 3
TOP OF THE 9TH
DSL San Francisco Giants batting - Pitching for DSL Jacksonville Bombers : RHP Cipriano Rodríguez
Pitching: RHP Robinson Moreno
Batting: LHB José Ruíz 0-0: Ball
1-0: Foul Ball, location: 2F
1-1: SOLO HOME RUN (Flyball, 9D, EV 95.6 MPH), Distance : 389 ft
Batting: RHB Steve Wilson 0-0: Called Strike
0-1: Ball
1-1: Ball
2-1: Fly out, F9 (Line Drive, 9LM, EV 100.0 MPH)
Pinch Hitting: LHB Luis González 0-0: Called Strike
0-1: Swinging Strike
0-2: Ball
1-2: Ground out 4-3 (Groundball, 4, EV 86.9 MPH)
Pinch Hitting: LHB Alba Bertolini 0-0: Swinging Strike
0-1: Foul Ball, location: 2F
0-2: Foul Ball, location: 5SF
0-2: Foul Ball, location: 5SF
0-2: Foul Ball, location: 2F
0-2: Ball
1-2: Ball
2-2: Foul Ball, location: 2F
2-2: Foul Ball, location: 3SF
2-2: Ball
3-2: Fly out, F7 (Flyball, 78M, EV 93.1 MPH)
Top of the 9th over - 1 run, 1 hit, 0 errors, 0 left on base; DSL San Francisco 6 - DSL Jacksonville 3
BOTTOM OF THE 9TH
DSL Jacksonville Bombers batting - Pitching for DSL San Francisco Giants : LHP Juan Díaz
Pitching: RHP José Bolta
Now at 2B: Joe Carpenter
Now at 3B: César Buen
Pinch Hitting: RHB José Alfaro 0-0: Called Strike
0-1: Ball
1-1: Ball
2-1: SOLO HOME RUN (Flyball, 89XD, EV 101.3 MPH), Distance : 427 ft
Batting: LHB Freddy Abreu 0-0: Called Strike
0-1: Ball
1-1: Foul Ball, location: 5F
1-2: Ball
2-2: Strikes out looking
Pinch Hitting: LHB Mario Medina 0-0: Ball
1-0: Ball
2-0: Foul Ball, location: 2F
2-1: Called Strike
2-2: Ball
3-2: Fly out, F8 (Flyball, 8LD, EV 106.3 MPH)
Batting: LHB Norberto Ochoa 0-0: Ball
1-0: Swinging Strike
1-1: Ball
2-1: Called Strike
2-2: Foul Ball, location: 5SF
2-2: Ball
3-2: Foul Ball, location: 7LMF
3-2: Foul Ball, location: 2F
3-2: Base on Balls
Batting: SHB Sergio Garrica 0-0: Swinging Strike
0-1: Foul Ball, location: 5FF
0-2: Strikes out swinging
Bottom of the 9th over - 1 run, 1 hit, 0 errors, 1 left on base; DSL San Francisco 6 - DSL Jacksonville 4
Wednesday, April 3rd , 2024 - OOTP Baseball 24.10 Build 82